AoeStats
← ChinoR

Lombardia

508783790Analyzed
2v2 RM · 7d ago on Sep 24, 2026· 27m 21s· 4 players
Game mode
Random Map
Map size
Medium (4 player)
Population
200
Speed
Normal
Resources
Standard
Victory
Conquest
Starting age
Dark Age
Ending age
Imperial Age
RankedLock teamsTeams togetherTeam positionsShared explorationLock speedFull tech treeHidden civsTurbo modeCheats
Victory
Defeat
🇨🇱 Franks · Chile
1309
+11
🇨🇱 Varangians · Chile
1162
+17
🇦🇷 Varangians · Argentina
1197
-14
🇦🇷 Poles · Argentina
1195
-14
MonoH
8:01 Loom
10:35 Feudal Age
10:36 Loom
17:52 Castle Age
19:34 Castle Age
19:15 Double-Bit Axe
19:11 Horse Collar
ChinoR
10:43 Feudal Age
9:01 Loom
10:47 Feudal Age
18:20 Horse Collar
20:02 Gold Mining
20:03 Stone Mining
22:42 Castle Age
23:37 Double-Bit Axe
24:08 Pikeman
25:17 Bow Saw
27:58 Scale Barding Armor
28:03 Forging
papayoint
11:21 Feudal Age
12:24 Loom
15:15 Castle Age
16:32 Double-Bit Axe
18:19 Horse Collar
23:29 Bow Saw
24:29 Bloodlines
25:11 Scale Barding Armor
goyim
5:06 Loom
8:39 Feudal Age
9:56 Double-Bit Axe
15:08 Wheelbarrow
14:48 Forging
17:20 Scale Barding Armor
21:12 Castle Age
21:53 Fletching
22:04 Padded Archer Armor
22:16 Bow Saw
21:48 Light Cavalry
22:29 Husbandry
22:44 Bodkin Arrow
23:41 Padded Archer Armor
Connection lost

Rejoining the realm…

Still unreachable

The connection could not be restored.

Session expired

The server has moved on; the page needs a fresh start.